 Dungeon Crawl Stone Soup version 0.26-a0-1164-g1a551d6a14 (webtiles) character file.

Game seed: 17837182687389667498

118 vvl the Grave Robber (level 4, -1/30 HPs)
             Began as a Demonspawn Necromancer on Dec 23, 2020.
             Slain by an orc wizard
             ... wielding a +0 dagger
              (5 damage)
             ... on level 3 of the Dungeon.
             The game lasted 00:10:13 (3788 turns).

vvl the Grave Robber (Demonspawn Necromancer)       Turns: 3788, Time: 00:10:14

Health: -1/30      AC:  2    Str:  9    XL:     4   Next: 72%
Magic:  7/7        EV: 12    Int: 16    God:
Gold:   174        SH:  0    Dex: 14    Spells: 6/7 levels left

rFire    . . .     SeeInvis .   c - +0 short sword
rCold    . . .     Faith    .   (no shield)
rNeg     . . .     Spirit   .   (no armour)
rPois    .         Reflect  .   (helmet restricted)
rElec    +         Harm     .   (no cloak)
rCorr    .         Rampage  .   (no gloves)
Will     .....                  (no boots)
Stlth    +.........             (no amulet)
HPRegen  0.10/turn              (no ring)
MPRegen  0.10/turn              (no ring)

@: confused
A: antennae 1, rugged brown scales 1, high mp 1, shaggy fur 1, electricity
resistance
a: no special abilities


You were on level 3 of the Dungeon.
You visited 1 branch of the dungeon, and saw 3 of its levels.

You collected 174 gold pieces.

Inventory:

Hand Weapons
 c - a +0 short sword (weapon)
 l - a +0 whip
Wands
 o - a wand of flame (11)
Scrolls
 b - 2 scrolls of random uselessness {unknown}
 d - 4 scrolls of teleportation {unknown}
 g - a scroll of enchant weapon {unknown}
 h - 3 scrolls of fog {unknown}
 i - a scroll of identify {unknown}
 m - 2 scrolls of remove curse {unknown}
 n - 2 scrolls of enchant armour {unknown}
 p - a scroll of noise {unknown}
Potions
 e - a potion of magic {unknown}
 f - 2 potions of resistance {unknown}
 j - 2 potions of invisibility {unknown}
 k - 3 potions of curing {unknown}
 q - a potion of cancellation {unknown}


   Skills:
 + Level 2.7 Maces & Flails
 - Level 1.7 Dodging
 - Level 1.7 Stealth
 - Level 2.0 Spellcasting
 + Level 5.7 Necromancy


You had 6 spell levels left.
You knew the following spells:

 Your Spells              Type           Power        Failure   Level
a - Pain                  Necr           76%          1%          1

Your spell library contained the following spells:

 Spells                   Type           Power        Failure   Level
 Animate Skeleton         Necr           38%          1%          1
 Vampiric Draining        Necr           9%           6%          3
 Animate Dead             Necr           9%           21%         4
 Agony                    Necr           19%          50%         5


Dungeon Overview and Level Annotations

Branches:
Dungeon (3/15)

Altars:
Makhleb
Vehumet


Innate Abilities, Weirdness & Mutations

You have a pair of small antennae on your head.
You are partially covered in rugged brown scales. (AC +1, +3% HP)
You have an increased reservoir of magic. (+10% MP)
You are covered in fur. (AC +1)
You are resistant to electric shocks. (rElec)


Message History

You hear some strange, mumbled words.
A puff of flame appears from out of thin air!
The puff of flame hits you!
* * * LOW HITPOINT WARNING * * *
Something hits you.
* * * LOW HITPOINT WARNING * * *
You miss something. Something hits you.
* * * LOW HITPOINT WARNING * * *
An orc wizard appears from thin air!
Reactivating autopickup.
The orc wizard casts a spell.
The orc wizard flickers and vanishes!
Deactivating autopickup; reactivate with Ctrl-A.
You're too confused to move!
Something hits you.
* * * LOW HITPOINT WARNING * * *
You're too confused to move!
Something barely misses you.
It was a potion of mutation.
You feel extremely strange. Fur sprouts all over your body.
You feel insulated.
You feel more energetic. Something hits you.
You die...

### ########.##
#....†#...######
######.###.@.........
#....†.....{...######
#.####.###.##.########
#[# #...........>...#
# ######.#
######.########.# .#
....##.# #.# #...# .#
###.##.# #.#
#...####.##
#.##<#########.#
#..........
#............#.#
#...#...#..


There were no monsters in sight!

Vanquished Creatures
  A hound (D:2)
  3 adders
  An ooze (D:3)
  A dart slug (D:1)
  A leopard gecko (D:1)
  2 orcs (D:3)
  7 giant cockroaches
  2 hobgoblins
  3 jackals (D:3)
  9 kobolds
  A quokka (D:2)
  2 ball pythons
  5 bats
  7 frilled lizards
  6 goblins
  5 rats
56 creatures vanquished.

Notes
Turn   | Place    | Note
-------+----------+-------------------------------------------
     0 | D:1      | vvl the Demonspawn Necromancer began the quest for the Orb.
     0 | D:1      | Reached XP level 1. HP: 13/13 MP: 3/3
   566 | D:1      | Reached skill level 1 in Maces & Flails
   566 | D:1      | Gained mutation: You are partially covered in rugged brown
                  | scales. (AC +1, +3% HP) [demonic ancestry]
   566 | D:1      | Reached XP level 2. HP: 2/19 MP: 3/5
  1493 | D:2      | Reached skill level 5 in Necromancy
  1493 | D:2      | Gained mutation: You have a pair of small antennae on your
                  | head. [demonic ancestry]
  1493 | D:2      | Reached XP level 3. HP: 4/24 MP: 2/6
  2481 | D:2      | Found a burning altar of Makhleb.
  2489 | D:2      | Reached XP level 4. HP: 12/30 MP: 2/7
  3371 | D:3      | Found a radiant altar of Vehumet.
  3788 | D:3      | Gained mutation: You are covered in fur. (AC +1) [potion of
                  | mutation]
  3788 | D:3      | Gained mutation: You are resistant to electric shocks.
                  | (rElec) [potion of mutation]
  3788 | D:3      | Gained mutation: You have an increased reservoir of magic.
                  | (+10% MP) [potion of mutation]
  3788 | D:3      | Slain by an orc wizard

Illustrated notes

Levels and vault maps discovered:
D:1:      doesnt_arrival_eight_statues, layout_basic, minmay_tall_x
D:2:      layout_basic, minmay_misc_feat_pillars, serial_bayou_pond_a,
          makhleb_blood_cavern_becter
D:3:      layout_loops_ring, vehumet_crystals, minivault_27

Skill      XL: |  1  2  3 |
---------------+----------+-----
Maces & Flails | 1 2 |  2.7
Necromancy     | 5 |  5.7
Dodging        | |  1.7
Stealth        | |  1.7
Spellcasting   | |  2.0

Action                   |  1- 3 |  4- 6 || total
-------------------------+-------+-------++-------
Melee: Short sword       |    68 |    41 ||   109
       Unarmed           |     7 |       ||     7
 Cast: Pain              |    38 |    16 ||    54
  Use: Potion            |       |     1 ||     1
 Stab: Sleeping          |     4 |     5 ||     9
Armor: Robe              |    23 |       ||    23
       Skin              |     4 |     4 ||     8
Dodge: Dodged            |    61 |    32 ||    93

Table legend: (Time is in decaauts)
 A = Elapsed time spent in this place.
 B = Non-inter-level travel time spent in this place.
 C = Inter-level travel time spent in this place.
 D = Time resting spent in this place.
 E = Time spent auto-exploring this place.
 F = Levels seen in this place.
 G = Mean time per level.
                   A        B        C        D        E       F      G
               +--------+--------+--------+--------+--------+-----+--------+
         Total |   3797 |   3746 |     51 |    356 |   2956 |   3 | 1265.7 |
       Dungeon |   3797 |   3746 |     51 |    356 |   2956 |   3 | 1265.7 |
               +--------+--------+--------+--------+--------+-----+--------+

Top non-repeatable levels by time:
     D:2: 1480 daAuts
     D:1: 1318 daAuts
     D:3: 998 daAuts
